[Event "*** Titled Tuesday Blitz"]
[Site "Chess.com"]
[Date "2020.05.05"]
[Round "1"]
[White "Trickov"]
[Black "starworld123"]
[Result "0-1"]
[WhiteElo "2303"]
[BlackElo "2624"]
[TimeControl "180+1"]
[EndTime "10:05:52 PDT"]
[Termination "starworld123 won by checkmate"]

1. d4 Nf6 2. Nf3 d5 3. c4 e6 4. g3 dxc4 5. Qa4+ Nbd7 6. Bg2 a6 7. Qxc4 b5 8. Qc2 Bb7 9. Nc3 c5 10. O-O Rc8 11. dxc5 Bxc5 12. a3 O-O 13. Bg5 h6 14.
Bf4 Qe7 15. Qb3 e5 16. Bd2 e4 17. Nh4 Ne5 18. Bf4 Nc4 19. Rad1 e3 20. fxe3 Bxe3+ 21. Kh1 Bxf4 22. Rxf4 Ne3 23. Rd3 Nxg2 24. Nxg2 Rfe8 25. Kg1 Qc5+ 26. Kf1 Qh5 27. Kg1 Rxe2 28. Nxe2 Qxe2 29.
Ne3 Rc1+ 30. Rf1 Rxf1+ 31. Nxf1 Qg2# 0-1

[Event "*** Titled Tuesday Blitz"]
[Site "Chess.com"]
[Date "2020.05.05"]
[Round "1"]
[White "AndrewMaco"]
[Black "PetrolulSah"]
[Result "0-1"]
[WhiteElo "2568"]
[BlackElo "2268"]
[TimeControl "180+1"]
[EndTime "10:05:52 PDT"]
[Termination "PetrolulSah won by resignation"]

1. e4 e5 2. Nf3 Nf6 3. d4 Nxe4 4. dxe5 d5 5. Nbd2 Bf5 6. Nb3 c5 7. Be2 Nc6 8. O-O Be7 9. Re1 O-O 10.
c3 Be6 11. Bf4 f6 12. exf6 Bxf6 13. Be3 Ne5 14. Nxc5 Nxc5 15. Bxc5 Rf7 16. Bd4 Ng4 17. Bd3 Bxd4 18. Nxd4 Qh4 19. Nf3 Qxf2+ 20. Kh1 Qb6 21. Qe2 Nf2+ 22. Qxf2 Qxf2 23. Rxe6 Rxf3 0-1

[Event "*** Titled Tuesday Blitz"]
[Site "Chess.com"]
[Date "2020.05.05"]
[Round "1"]
[White "Hanging_pointer"]
[Black "Camels1981"]
[Result "1-0"]
[WhiteElo "2572"]
[BlackElo "2242"]
[TimeControl "180+1"]
[EndTime "10:05:55 PDT"]
[Termination "Hanging_pointer won by resignation"]

1. d4 Nf6 2. Bf4 g6 3. Nc3 Bg7 4. e4 d6 5. f3 O-O 6. Bc4 c5 7.
Nge2 cxd4 8. Nd5 Nc6 9. O-O Nxd5 10. exd5 Ne5 11. Bb3 Qb6 12. Kh1 Bd7 13. Nxd4 Rac8 14. c3 Nc4 15. Qe2 Ne5 16. Bg5 Rfe8 17. f4 Ng4 18. f5 Bxd4 19. Qxg4 Bg7 20. Qf3 Bxf5 21. g4 Bd7 22. Qxf7+ Kh8 23. Bxe7 Bxg4 24. Rae1 Qc7 25. Rf4 Bf5 26. Rxf5 gxf5 27. Qxf5 Rb8 28. Bc2 1-0

[Event "*** Titled Tuesday Blitz"]
[Site "Chess.com"]
[Date "2020.05.05"]
[Round "1"]
[White "DonPreuss"]
[Black "GelmanAlexander"]
[Result "0-1"]
[WhiteElo "2184"]
[BlackElo "2533"]
[TimeControl "180+1"]
[EndTime "10:05:56 PDT"]
[Termination "GelmanAlexander won by resignation"]

1. d4 Nf6 2. Nc3 c5 3. d5 d6 4. e4 g6 5. f4 Bg7 6. Nf3 O-O 7. Be2 e6 8. O-O exd5 9. Nxd5 Nxe4 10. Ng5 Nf6 11.
Bf3 Nc6 12. Qe1 Nd4 13. c4 h6 14. Qh4 hxg5 15. fxg5 Nxd5 16. Bxd5 Be6 17. Bf4 Bxd5 18. cxd5 Ne2+ 19. Kh1 Nxf4 20. Rxf4 Qe7 21. Raf1 Rae8 22.
R4f3 Qe4 23. Rf4 Qxd5 24. R4f3 Re4 25. Qf2 Bd4 26. Qg3 Qe5 27. Qh3 Re1 28. Qh6 Rxf1+ 29.
Rxf1 Be3 30. h4 Qg7 0-1

[Event "*** Titled Tuesday Blitz"]
[Site "Chess.com"]
[Date "2020.05.05"]
[Round "1"]
[White "ValeriyGrinev"]
[Black "Shivagami"]
[Result "1-0"]
[WhiteElo "2523"]
[BlackElo "2151"]
[TimeControl "180+1"]
[EndTime "10:05:56 PDT"]
[Termination "ValeriyGrinev won by resignation"]

1. d4 Nf6 2. c4 c5 3. d5 e6 4. Nc3 exd5 5. cxd5 g6 6. e4 d6 7. h3 a6 8. a4 Bg7 9. Nf3 O-O 10. Bd3 Nbd7 11. O-O Qc7 12. Bf4 Ne5 13. Nxe5 dxe5 14. Be3 Ne8 15. Rc1 Nd6 16. b4 c4 17. Bb1 b5 18. Bc5 Bd7 19. axb5 axb5 20. Qd2 f5 21. Qg5 Bf6 22. Qg3 f4 23. Qf3 Ra3 24. Bxd6 Qxd6 25.
Nxb5 Rxf3 26. Nxd6 Rb3 27. Nxc4 Rxb4 28. Bd3 Rfb8 29.
Na5 Ra4 30. Nc6 Rb3 31. Bc2 1-0

[Event "*** Titled Tuesday Blitz"]
[Site "Chess.com"]
[Date "2020.05.05"]
[Round "1"]
[White "GMJustin"]
[Black "VincentKeymer"]
[Result "0-1"]
[WhiteElo "2368"]
[BlackElo "2713"]
[TimeControl "180+1"]
[EndTime "10:05:58 PDT"]
[Termination "VincentKeymer won on time"]

1. d4 Nf6 2. c4 e6 3. Nc3 Bb4 4. Bg5 O-O 5. e3 h6 6. Bh4 c5 7. d5 exd5 8. cxd5 d6 9. Bd3 Nbd7 10. Ne2 Ne5 11. O-O c4 12. Bc2 Bg4 13. f3 Bd7 14. e4 Bc5+ 15. Kh1 g5 16. Bf2 Bxf2 17. Rxf2 b5 18. Nd4 b4 19. Nce2 Nh5 20. Qd2 a5 21. f4 Ng4 22. Rf3 gxf4 23. Nxf4 Qh4 24. g3 Qg5 25. h4 Nxg3+ 26. Kg2 Qxh4 0-1

[Event "*** Titled Tuesday Blitz"]
[Site "Chess.com"]
[Date "2020.05.05"]
[Round "1"]
[White "UmutErdemGunduz"]
[Black "AlexTriapishko"]
[Result "0-1"]
[WhiteElo "2392"]
[BlackElo "2743"]
[TimeControl "180+1"]
[EndTime "10:05:59 PDT"]
[Termination "AlexTriapishko won by resignation"]

1. e4 e5 2. Nf3 Nc6 3. Bb5 a6 4. Ba4 d6 5. O-O Bd7 6. c3 Nf6 7. Re1 g6 8. d4 Bg7 9. d5 Ne7 10.
Bc2 O-O 11. c4 Ne8 12. Nc3 h6 13. Nd2 f5 14. exf5 gxf5 15. f4 Ng6 16. Nf3 Nxf4 17.
Bxf4 exf4 18. Qd2 Nf6 19. Nd4 Ng4 20. Ne6 Bxe6 21. dxe6 c6 22. e7 Qb6+ 23. c5 Qxc5+ 24. Kf1 Nxh2+ 25. Ke2 Rfe8 26. Qxf4 Rxe7+ 27. Kd2 Rxe1 28.
Rxe1 Qd4+ 29. Qxd4 Bxd4 30. Bxf5 Rf8 31. g4 Nf3+ 32. Ke2 Nxe1 33. Kxe1 Bxc3+ 34. bxc3 Kg7 35. Kf2 Kf6 0-1

[Event "*** Titled Tuesday Blitz"]
[Site "Chess.com"]
[Date "2020.05.05"]
[Round "1"]
[White "Shota_Azaladze"]
[Black "LogoCzar"]
[Result "1-0"]
[WhiteElo "2686"]
[BlackElo "2353"]
[TimeControl "180+1"]
[EndTime "10:06:00 PDT"]
[Termination "Shota_Azaladze won by resignation"]

1. Nf3 d5 2. g3 Nc6 3. Bg2 e5 4. d3 f5 5. O-O Nf6 6. Nc3 e4 7. dxe4 fxe4 8. Nd4 Nxd4 9. Qxd4 c6 10. f3 exf3 11.
exf3 Be7 12. Re1 O-O 13. Bg5 h6 14. Be3 Bf5 15. Qd2 c5 16. Bf2 d4 17. Nb5 a6 18.
Na3 b5 19. c3 dxc3 20. Qxc3 Kh8 21. Rad1 Qc7 22. Qe5 Qxe5 23. Rxe5 Rfd8 24. Rxd8+ Rxd8 25. Rxe7 Rd2 26. Bxc5 Rxb2 27. g4 Bd3 28. Bf1 Bxf1 29. Kxf1 Nd5 30. Ra7 Nf4 31. Rxa6 Rxh2 32. Nxb5 Rh1+ 33.
Kf2 Rb1 34. Bd6 Nd3+ 35. Ke3 Rxb5 36. Kxd3 1-0

[Event "*** Titled Tuesday Blitz"]
[Site "Chess.com"]
[Date "2020.05.05"]
[Round "1"]
[White "DDTerziev04"]
[Black "artooon"]
[Result "0-1"]
[WhiteElo "2309"]
[BlackElo "2626"]
[TimeControl "180+1"]
[EndTime "10:06:00 PDT"]
[Termination "artooon won by resignation"]

1. e4 e5 2. Nf3 Nc6 3. Bc4 Nf6 4. d3 Bc5 5. O-O O-O 6. Nbd2 d6 7. c3 h6 8. h3 a6 9. Bb3 Ba7 10. Re1 Ne7 11. Nf1 Ng6 12. Ng3 Be6 13. Bc2 Qd7 14.
d4 Bxh3 15. gxh3 Qxh3 16. Bd3 Nf4 17. Bf1 Qg4 18. Nh2 Qg6 19. Qf3 Ne6 20. d5 Ng5 21.
Bxg5 Qxg5 22. Bg2 g6 23. Ne2 h5 24. Qg3 Ng4 25. Nxg4 hxg4 26. Nc1 f5 27. exf5 Rxf5 28. Nd3 Raf8 29. Re2 Rf3 30. Bxf3 Rxf3 31. Qg2 Rxd3 32. Rf1 g3 33. Kh1 Qh4+ 34. Kg1 gxf2+ 35. Rexf2 Rg3 36.
Qxg3 Qxg3+ 37. Kh1 Bxf2 38. Rxf2 Qxf2 39. c4 e4 40. b4 e3 41. a4 0-1

[Event "*** Titled Tuesday Blitz"]
[Site "Chess.com"]
[Date "2020.05.05"]
[Round "1"]
[White "NikolaGry"]
[Black "Leo_C"]
[Result "1-0"]
[WhiteElo "2605"]
[BlackElo "2281"]
[TimeControl "180+1"]
[EndTime "10:06:00 PDT"]
[Termination "NikolaGry won by checkmate"]

1. e4 c6 2. d4 d5 3. f3 e6 4.
Nc3 Nf6 5. Nge2 Bb4 6. a3 Ba5 7. b4 Bc7 8. e5 Nfd7 9. f4 b6 10. Ng3 c5 11. Nb5 cxd4 12. Bd3 Nc6 13. O-O g6 14. Bb2 Bb8 15. Nxd4 Nxd4 16. Bxd4 a5 17. c3 O-O 18. Qe2 Bb7 19. f5 exf5 20. Nxf5 gxf5 21. Bxf5 Nxe5 22. Bxe5 Bxe5 23. Qh5 Bxh2+ 24. Kh1 Kg7 25. Qxh7+ Kf6 26. Qh6+ Ke5 27. Rae1# 1-0

[Event "*** Titled Tuesday Blitz"]
[Site "Chess.com"]
[Date "2020.05.05"]
[Round "1"]
[White "m-garcett"]
[Black "ENEASZ"]
[Result "0-1"]
[WhiteElo "2027"]
[BlackElo "2484"]
[TimeControl "180+1"]
[EndTime "10:06:00 PDT"]
[Termination "ENEASZ won on time"]

1. e4 d6 2. d4 Nf6 3. Nc3 e5 4. dxe5 dxe5 5. Qxd8+ Kxd8 6. Bg5 Be6 7. O-O-O+ Nd7 8. Nf3 Bd6 9. Bb5 Kc8 10. Rhe1 h6 11. Bh4 a6 12. Ba4 Nh5 13. Bg3 Nxg3 14. hxg3 Nc5 15. Bb3 Nxb3+ 16. axb3 b6 17. Nh4 g6 18. Nf3 Kb7 19. Rd3 Rae8 20. Red1 Bg4 21. Kb1 Re6 22. Nd5 Bc5 23. Ne3 Bxe3 24. Rxe3 f6 25. Red3 Rc6 26.
Rd8 Rxd8 27. Rxd8 Rd6 28. Rh8 h5 29. Rf8 g5 30. Ka2 h4 31. gxh4 Bxf3 32. gxf3 gxh4 33.
Rh8 Rd2 34. Rxh4 Rxf2 35. Rh3 Rxc2 0-1

[Event "*** Titled Tuesday Blitz"]
[Site "Chess.com"]
[Date "2020.05.05"]
[Round "1"]
[White "BillieKimbah"]
[Black "NormWeinstein"]
[Result "1-0"]
[WhiteElo "2864"]
[BlackElo "2442"]
[TimeControl "180+1"]
[EndTime "10:06:01 PDT"]
[Termination "BillieKimbah won on time"]

1. d4 Nf6 2. c4 g6 3. Nc3 Bg7 4.
e4 O-O 5. Be2 c5 6. Nf3 d6 7. O-O Bg4 8. d5 e6 9. dxe6 Bxe6 10. Bf4 Qb6 11. Qd2 Nc6 12. Rad1 Bg4 13. Bxd6 Rfd8 14. Na4 Qb4 15. Qxb4 cxb4 16. e5 Ne8 17. h3 Bxf3 18. Bxf3 Nxe5 19. Bxb7 Nxd6 20. Bxa8 Nexc4 21. Bf3 1-0

[Event "*** Titled Tuesday Blitz"]
[Site "Chess.com"]
[Date "2020.05.05"]
[Round "1"]
[White "Doraemon7"]
[Black "The_Machine04"]
[Result "1-0"]
[WhiteElo "2650"]
[BlackElo "2325"]
[TimeControl "180+1"]
[EndTime "10:06:01 PDT"]
[Termination "Doraemon7 won on time"]

1. Nf3 Nf6 2. c4 e6 3. g3 d5 4. d4 Bb4+ 5. Nc3 dxc4 6. Bg2 c6 7. O-O O-O 8. Ne5 c5 9. dxc5 Bxc5 10. Nxc4 Nc6 11.
Bf4 Bd7 12. Rc1 Be7 13. Qd2 Be8 14. Rfd1 Qxd2 15. Rxd2 a6 16. Nd6 e5 17. Bg5 Rb8 18.
Nf5 Bb4 19. a3 Ba5 20. b4 Bb6 21. Na4 Ba7 22. Nc5 h6 23. Nxh6+ gxh6 24. Bxf6 Bxc5 25. Rxc5 Kh7 26. Rd6 1-0

[Event "*** Titled Tuesday Blitz"]
[Site "Chess.com"]
[Date "2020.05.05"]
[Round "1"]
[White "powermove"]
[Black "boasovietica"]
[Result "0-1"]
[WhiteElo "1638"]
[BlackElo "2473"]
[TimeControl "180+1"]
[EndTime "10:06:02 PDT"]
[Termination "boasovietica won on time"]

1. Nf3 d6 2. g3 g6 3. Bg2 Bg7 4. O-O c5 5. d3 Nc6 6. Nbd2 e5 7. e4 Nge7 8. c3 O-O 9. a4 h6 10. h3 Be6 11. Qe2 Qd7 12. Kh2 f5 13. Nc4 f4 14.
Bd2 Rf7 15. Rad1 Raf8 16. Bc1 g5 17. Nfd2 g4 18. hxg4 Bxg4 19. Bf3 Bxf3 20. Qxf3 fxg3+ 21. Qxg3 Kh8 22. Ne3 Bf6 23. Qh3 Qxh3+ 24. Kxh3 Bg5 0-1

[Event "*** Titled Tuesday Blitz"]
[Site "Chess.com"]
[Date "2020.05.05"]
[Round "1"]
[White "CSB7"]
[Black "top_bu_tz"]
[Result "1-0"]
[WhiteElo "2553"]
[BlackElo "2207"]
[TimeControl "180+1"]
[EndTime "10:06:03 PDT"]
[Termination "CSB7 won by resignation"]

1. d4 Nf6 2. Nf3 g6 3. c4 Bg7 4. Nc3 d5 5. cxd5 Nxd5 6. e4 Nxc3 7. bxc3 c5 8. Bb5+ Nc6 9. d5 a6 10. Be2 Ne5 11. Nxe5 Bxe5 12. Qd2 O-O 13. Rb1 b5 14. f4 Bg7 15. O-O Bd7 16. c4 b4 17. Bb2 e6 18.
Bxg7 Kxg7 19. Qe3 exd5 20. cxd5 Rc8 21. Rbc1 Qa5 22. f5 f6 23. e5 Qxa2 24. e6 Qxd5 25. Rcd1 Qc6 26. Rxd7+ Kg8 27. Qh6 1-0

[Event "*** Titled Tuesday Blitz"]
[Site "Chess.com"]
[Date "2020.05.05"]
[Round "1"]
[White "Bagirova"]
[Black "MikhailovViacheslav"]
[Result "0-1"]
[WhiteElo "2198"]
[BlackElo "2544"]
[TimeControl "180+1"]
[EndTime "10:06:03 PDT"]
[Termination "MikhailovViacheslav won by resignation"]

1. d4 Nf6 2. Nf3 g6 3. Bf4 Bg7 4. e3 O-O 5. Be2 d6 6. h3 c5 7.
c3 Nc6 8. O-O Qb6 9. Qb3 Be6 10.
Qxb6 axb6 11. a3 Rfc8 12. Nbd2 h6 13. Bh2 d5 14. Ne5 Nd7 15. Nd3 Bf5 16. Rfe1 g5 17. Rad1 c4 18. Nb4 Nxb4 19. cxb4 c3 20. bxc3 Rxc3 21.
Rc1 Raxa3 22. b5 Rxc1 23. Rxc1 Ra2 24. Rd1 Nf6 25. Bf1 e6 26. Bc7 Bf8 27. Bxb6 Bc2 28. Rc1 Ba3 29. Re1 Bb4 30. Re2 Bd3 31. Bd8 Bxe2 32.
Bxf6 Rxd2 33. Bxe2 Rxe2 0-1

[Event "*** Titled Tuesday Blitz"]
[Site "Chess.com"]
[Date "2020.05.05"]
[Round "1"]
[White "profofchess"]
[Black "GHANDEEVAM2003"]
[Result "0-1"]
[WhiteElo "2450"]
[BlackElo "2881"]
[TimeControl "180+1"]
[EndTime "10:06:05 PDT"]
[Termination "GHANDEEVAM2003 won by resignation"]

1. e4 e6 2. d4 d5 3. Nc3 Nf6 4. Bg5 Be7 5. e5 Nfd7 6. h4 a6 7. Qg4 g6 8. Bxe7 Qxe7 9. h5 Rg8 10. hxg6 hxg6 11. f4 c5 12. Nf3 Nc6 13. dxc5 Qxc5 14. O-O-O b5 15. Kb1 Ne7 16. Ng5 Nf5 17. Qh3 Bb7 18.
Bd3 Rf8 19. g4 Ne3 20. f5 Nxd1 21. Rxd1 O-O-O 22. fxe6 Nxe5 23. exf7 Qe7 24. Nf3 Nxf3 25. Qxf3 d4 26. Ne4 Rxf7 27. Qe2 Rf4 28. Re1 Bxe4 29. Bxe4 Re8 30. Bb7+ Kd8 31. Qxe7+ Rxe7 32. Rd1 Rxb7 0-1

[Event "*** Titled Tuesday Blitz"]
[Site "Chess.com"]
[Date "2020.05.05"]
[Round "1"]
[White "plumalka"]
[Black "Yaacovn"]
[Result "0-1"]
[WhiteElo "2440"]
[BlackElo "2863"]
[TimeControl "180+1"]
[EndTime "10:06:05 PDT"]
[Termination "Yaacovn won by resignation"]

1. e4 c6 2. d4 d5 3. e5 Bf5 4.
c4 e6 5. Nc3 Ne7 6. a3 dxc4 7.
Bxc4 Nd5 8. Nge2 Nd7 9. Ng3 Bg6 10. O-O Rc8 11. f4 Ne7 12. Nce4 Nf5 13. Nxf5 Bxf5 14. Ng3 g6 15. Nxf5 gxf5 16. Qh5 Qe7 17. Bd2 Nb6 18.
Ba2 Qd7 19. Bc3 Nd5 20. Rf3 h6 21. Rd1 Rg8 22. Qh4 Rg4 23. Qf2 Be7 24. Rf1 Kd8 25. Rh3 Nxf4 26. Rxh6 Rxg2+ 27. Qxg2 Nxg2 28. Kxg2 Kc7 29. Rh3 Rg8+ 30. Kh1 Kb8 31. b4 Bd8 32. Rd1 Bb6 33. Rh7 a6 34. a4 c5 35. bxc5 Bxc5 36. Bb3 Bxd4 37. Rxd4 Qc6+ 38. Bd5 Qxc3 0-1

[Event "*** Titled Tuesday Blitz"]
[Site "Chess.com"]
[Date "2020.05.05"]
[Round "1"]
[White "1Przemyslaw1"]
[Black "josiwales"]
[Result "0-1"]
[WhiteElo "2360"]
[BlackElo "2705"]
[TimeControl "180+1"]
[EndTime "10:06:06 PDT"]
[Termination "josiwales won on time"]

1. Nf3 d5 2. d4 Nf6 3. c4 c6 4.
Qc2 g6 5. e3 Bf5 6. Bd3 Bxd3 7.
Qxd3 Bg7 8. O-O O-O 9. Nc3 Nbd7 10. cxd5 cxd5 11. Bd2 Rc8 12. Rfc1 Qb6 13. Na4 Qd6 14. Qb3 b6 15. Qb5 h6 16. Bb4 Qe6 17. Qa6 Nb8 18.
Qxa7 Nc6 19. Qxb6 Ne4 20. Ba3 g5 21. h3 f5 22. Nc5 Qg6 23. Nd7 Rfd8 24. Nde5 Nxe5 25.
Qb5 Nxf3+ 26. gxf3 Nd2 27. Rxc8 Rxc8 28. Qxd5+ Qf7 29.
Qb7 Rc2 30. Rd1 g4 31. hxg4 fxg4 0-1

[Event "*** Titled Tuesday Blitz"]
[Site "Chess.com"]
[Date "2020.05.05"]
[Round "1"]
[White "SGchess01"]
[Black "Lion-Al-Messi"]
[Result "1-0"]
[WhiteElo "2793"]
[BlackElo "2413"]
[TimeControl "180+1"]
[EndTime "10:06:07 PDT"]
[Termination "SGchess01 won by resignation"]

1. e4 b6 2. d4 Bb7 3. Nc3 e6 4. Bd3 Bb4 5. Ne2 d5 6. e5 Ne7 7. Nf4 c5 8. a3 Bxc3+ 9. bxc3 c4 10. Be2 Nbc6 11. Nh5 Rg8 12. O-O Qc7 13. a4 O-O-O 14. Ba3 Nf5 15. g4 Nh4 16. f4 g5 17. f5 Nxe5 18. Nf6 Rg7 19. dxe5 Qxe5 20. Be7 Rh8 21.
Rf2 Qxc3 22. Nh5 Rgg8 23. Bf6 Qh3 24. Qd4 e5 25. Bxe5 Re8 26. Bf1 Nf3+ 27. Rxf3 Qxf3 28.
Bg2 Qe2 29. Bxh8 Qxc2 30. Be5 Qe2 31. Bg3 Qc2 32. Nf6 Re2 33. Bf1 Rd2 34. Qe5 1-0

[Event "*** Titled Tuesday Blitz"]
[Site "Chess.com"]
[Date "2020.05.05"]
[Round "1"]
[White "AnnaChessLook"]
[Black "RATNAKARAN"]
[Result "0-1"]
[WhiteElo "2252"]
[BlackElo "2585"]
[TimeControl "180+1"]
[EndTime "10:06:07 PDT"]
[Termination "RATNAKARAN won by resignation"]

1. d4 Nf6 2. c4 c5 3. d5 e6 4. Nc3 exd5 5. cxd5 d6 6. Nf3 g6 7.
Bf4 a6 8. Nd2 Nbd7 9. Nc4 Nb6 10. Nxb6 Qxb6 11. Qb3 Qc7 12. e4 b5 13. f3 Bg7 14. Be2 O-O 15. O-O Nh5 16. Be3 Bd4 17. Bxd4 cxd4 18. Nd1 Nf4 19. Bd3 Qe7 20. Nf2 Qg5 21.
g3 h5 22. Kh1 Nh3 23. f4 Qe7 24.
Rae1 h4 25. Bb1 a5 26. Qd3 hxg3 27.
Qxg3 Nxf2+ 28. Rxf2 Re8 29. f5 Qe5 30. fxg6 f5 31.
Qh4 Ra7 32. Ref1 Rg7 33. exf5 Qxd5+ 34. Kg1 Bb7 35. Rf3 d3 36. f6 Rxg6+ 37. Kf2 Qc5+ 0-1

[Event "*** Titled Tuesday Blitz"]
[Site "Chess.com"]
[Date "2020.05.05"]
[Round "1"]
[White "ChessTraining77"]
[Black "chessuriel"]
[Result "1-0"]
[WhiteElo "2550"]
[BlackElo "2200"]
[TimeControl "180+1"]
[EndTime "10:06:07 PDT"]
[Termination "ChessTraining77 won by resignation"]

1. e4 c5 2. Nf3 e6 3. d4 cxd4 4. Nxd4 Nc6 5. Nc3 Qc7 6. Be3 Nf6 7. f4 Bb4 8. Nb5 Qb8 9. e5 Ne4 10. Qd3 f5 11. a3 Nxc3 12. Nxc3 Be7 13. Rd1 O-O 14.
Be2 Qc7 15. Nb5 Qa5+ 16. b4 Qd8 17. O-O a6 18. Nd6 Bxd6 19. Qxd6 Qe8 20. Kh1 Qe7 21.
Bf3 Qxd6 22. Rxd6 h6 23. c4 Kh7 24. h3 Rg8 25. g4 g6 26. Bf2 Ne7 27. Bh4 Nc6 28.
Bf6 Rf8 29. Rfd1 Rf7 30. h4 fxg4 31. Bxg4 Ne7 32. Rxd7 Bxd7 33. Rxd7 Re8 34. Bxe6 Rff8 35. Bxe7 Rxf4 36. Bf6+ 1-0

[Event "*** Titled Tuesday Blitz"]
[Site "Chess.com"]
[Date "2020.05.05"]
[Round "1"]
[White "Herracek"]
[Black "pandamaster3000"]
[Result "1-0"]
[WhiteElo "2587"]
[BlackElo "2256"]
[TimeControl "180+1"]
[EndTime "10:06:08 PDT"]
[Termination "Herracek won by resignation"]

1. c4 Nf6 2. g3 g6 3. Bg2 Bg7 4. Nc3 O-O 5. d3 d6 6. Bg5 h6 7. Bd2 c6 8. Qc1 Kh7 9. h4 e5 10. h5 Nxh5 11. Bf3 f5 12. Bxh5 gxh5 13. Rxh5 Qf6 14. Nf3 Nd7 15. Qc2 Qg6 16. Rh4 Nf6 17. O-O-O Ng4 18. Rdh1 Nxf2 19. Rxh6+ Bxh6 20. Rxh6+ Qxh6 21. Bxh6 Kxh6 22. Qd2+ Kg7 23. Qg5+ Kf7 24. c5 Be6 25. cxd6 Ng4 26. Qh5+ Kf6 27. Qh4+ Kg6 28. e4 f4 29. Qg5+ Kf7 30. Qe7+ Kg6 31. Qxe6+ Kh5 32. Nxe5 Nxe5 33. Qxe5+ Kg4 34. gxf4 Rae8 35.
Qg5+ Kf3 36. d7 Rd8 37. Kd2 Rxd7 38. Ne2 Rg8 39. Qxg8 1-0

[Event "*** Titled Tuesday Blitz"]
[Site "Chess.com"]
[Date "2020.05.05"]
[Round "1"]
[White "annacramling"]
[Black "orkan85"]
[Result "0-1"]
[WhiteElo "1923"]
[BlackElo "2478"]
[TimeControl "180+1"]
[EndTime "10:06:13 PDT"]
[Termination "orkan85 won by resignation"]

1. d4 Nf6 2. c4 e6 3. Nc3 Bb4 4.
Qc2 O-O 5. e4 d5 6. e5 Ne4 7.
Bd3 c5 8. Nf3 cxd4 9. Nxd4 Nd7 10. Nf3 Ndc5 11. O-O Nxd3 12. Qxd3 Bxc3 13. bxc3 b6 14.
cxd5 exd5 15. Ba3 Re8 16. c4 Ba6 17. Rac1 Rc8 18. Rfd1 Bxc4 19. Qb1 Qd7 20. Nd2 Nxd2 21. Rxd2 Rxe5 22. Qc2 Qe6 23. Qd1 Re8 24. Qf1 Bxf1 0-1

[Event "*** Titled Tuesday Blitz"]
[Site "Chess.com"]
[Date "2020.05.05"]
[Round "1"]
[White "RubensCezila"]
[Black "warmoatmeal"]
[Result "1-0"]
[WhiteElo "2485"]
[BlackElo "2031"]
[TimeControl "180+1"]
[EndTime "10:06:14 PDT"]
[Termination "RubensCezila won by resignation"]

1. d4 Nf6 2. c4 e6 3. Nf3 d5 4. g3 Be7 5. Bg2 O-O 6. O-O dxc4 7.
Qc2 a6 8. a4 Bd7 9. Qxc4 Bc6 10. Bg5 h6 11. Bxf6 Bxf6 12. Nbd2 Nd7 13. e4 Nb6 14.
Qb3 Bxd4 15. a5 Nc8 16. Rfd1 e5 17. Nc4 Qf6 18. Nxd4 exd4 19. e5 Qe6 20. Bxc6 Qxc6 21. Rxd4 Ne7 22. Rad1 Nf5 23. Rd7 Rae8 24. Qd3 g6 25. b4 Re6 26. Rd5 Rfe8 27. Rc5 Qa4 28. Rxc7 Qxb4 29. Rb1 Qf8 30. Rbxb7 Rd8 31. Qf3 Nd4 32.
Qxf7+ 1-0

[Event "*** Titled Tuesday Blitz"]
[Site "Chess.com"]
[Date "2020.05.05"]
[Round "1"]
[White "Zurability"]
[Black "Perimir"]
[Result "1-0"]
[WhiteElo "2690"]
[BlackElo "2357"]
[TimeControl "180+1"]
[EndTime "10:06:15 PDT"]
[Termination "Zurability won by resignation"]

1. Nf3 Nf6 2. d4 g6 3. c4 Bg7 4. e3 O-O 5. Be2 c5 6. d5 d6 7. Nc3 e6 8. O-O exd5 9. cxd5 Na6 10. Nd2 Nc7 11. e4 Re8 12. f3 b6 13. a4 a6 14. Nc4 b5 15. axb5 axb5 16. Rxa8 Nxa8 17.
Nxb5 Nb6 18. Ncxd6 Re7 19. Nxc8 Qxc8 20. d6 Re6 21. Nc7 Re5 22. Bf4 Rh5 23. g4 Rh4 24.
Bg3 Rh3 25. Kg2 Rxg3+ 26. hxg3 Nfd7 27. f4 Qb7 28. Bf3 Nc4 29. Nd5 Qxd5 30. exd5 Ne3+ 31. Kf2 Nxd1+ 32. Rxd1 Bxb2 33. Rb1 Bd4+ 34. Ke2 Kf8 35.
g5 f5 36. gxf6 Nxf6 37. Rb7 Ke8 38. g4 h5 39. g5 Nd7 40. Be4 1-0

[Event "*** Titled Tuesday Blitz"]
[Site "Chess.com"]
[Date "2020.05.05"]
[Round "1"]
[White "ljuks68"]
[Black "Semen_Khanin"]
[Result "0-1"]
[WhiteElo "2364"]
[BlackElo "2704"]
[TimeControl "180+1"]
[EndTime "10:06:16 PDT"]
[Termination "Semen_Khanin won by resignation"]

1. e4 c5 2. Nf3 e6 3. d4 cxd4 4. Nxd4 Nc6 5. Nc3 Qc7 6. Be3 a6 7. Qd2 Nf6 8. f3 b5 9. O-O-O Bb7 10. Nxc6 Bxc6 11. Ne2 d5 12. Nd4 dxe4 13. Nxc6 Qxc6 14.
Bd4 Be7 15. Kb1 O-O 16. Qe3 Rac8 17. c3 exf3 18. gxf3 Nd5 19. Qe4 f5 20. Qe1 Bf6 21.
Rg1 b4 22. c4 Bxd4 23. Rxd4 Nf6 24. Be2 Qc5 25. Rd1 a5 26. Qg3 Rf7 27. Rd6 Nh5 28.
Qg5 Qxd6 29. Qxh5 a4 30. Rd1 Qe5 31. f4 Qxf4 32. c5 a3 33. c6 Qe5 34. Rd2 Qc5 0-1

[Event "*** Titled Tuesday Blitz"]
[Site "Chess.com"]
[Date "2020.05.05"]
[Round "1"]
[White "VitaliyBernadskiy"]
[Black "Apocalyps999"]
[Result "0-1"]
[WhiteElo "2671"]
[BlackElo "2404"]
[TimeControl "180+1"]
[EndTime "10:06:17 PDT"]
[Termination "Apocalyps999 won by resignation"]

1. e4 c5 2. Nf3 e6 3. d4 cxd4 4.
Nxd4 Nf6 5. Nc3 Nc6 6. Nxc6 bxc6 7. e5 Nd5 8. Ne4 Qc7 9. f4 f5 10. exf6 gxf6 11. c4 Nxf4 12. Qf3 Bb4+ 13. Kd1 e5 14. Bxf4 exf4 15. Nxf6+ Kd8 16. Kc2 d5 17. Bd3 dxc4 18.
Bxc4 Bf5+ 19. Bd3 Qe5 20. Rad1 Kc7 21. Ne4 Rab8 22. b3 Rhd8 23. Nf2 Qc3+ 24. Kb1 Ba3 25. Qe2 Rxd3 26. Nxd3 Rd8 27. Qf2 0-1

[Event "*** Titled Tuesday Blitz"]
[Site "Chess.com"]
[Date "2020.05.05"]
[Round "1"]
[White "AwesomeMango"]
[Black "yamalchess"]
[Result "0-1"]
[WhiteElo "2224"]
[BlackElo "2565"]
[TimeControl "180+1"]
[EndTime "10:06:17 PDT"]
[Termination "yamalchess won on time"]

1. e4 e5 2. Nf3 Nc6 3. Bb5 a6 4. Ba4 Nf6 5. O-O b5 6. Bb3 Bb7 7. d3 Bd6 8. c3 O-O 9. Re1 Na5 10. Bc2 c5 11. Nbd2 Re8 12. Nf1 h6 13. Ne3 Bf8 14.
a4 d5 15. exd5 Nxd5 16. Nxd5 Qxd5 17. Be3 b4 18. cxb4 cxb4 19. d4 e4 20. Nd2 Rac8 21.
Bb3 Nxb3 22. Qxb3 Qf5 23. a5 Bd5 24. Qa4 Qg6 25. Rac1 f5 26. g3 Qh5 27. Nb3 f4 28.
Bxf4 e3 0-1

[Event "*** Titled Tuesday Blitz"]
[Site "Chess.com"]
[Date "2020.05.05"]
[Round "1"]
[White "Philosopherrr"]
[Black "Msb2"]
[Result "0-1"]
[WhiteElo "2457"]
[BlackElo "2927"]
[TimeControl "180+1"]
[EndTime "10:06:18 PDT"]
[Termination "Msb2 won by resignation"]

1. e4 e6 2. d4 d5 3. Nc3 Nf6 4. Bg5 dxe4 5. Nxe4 Be7 6. Bxf6 Bxf6 7. Nf3 Nd7 8. c3 b6 9. Bd3 Bb7 10. Qe2 Qe7 11.
O-O-O O-O 12. h4 c5 13. dxc5 Nxc5 14. Nxc5 Qxc5 15. Kb1 Rad8 16. Ng5 g6 17. Ne4 Bxe4 18. Qxe4 Rd5 19. Qf3 Bg7 20. Be4 Rd6 21. Rxd6 Qxd6 22. Rd1 Qe7 23. h5 Rd8 24. Rxd8+ Qxd8 25. hxg6 hxg6 26.
Kc2 Bf6 27. Qd3 Qc7 28. g3 Kg7 29. a4 Qc5 30. Qe2 a6 31. f4 b5 32. axb5 axb5 33.
Kb3 Be7 34. Qd3 Bf6 35. g4 g5 36. f5 exf5 37. Bxf5 Be5 38. Bd7 b4 39. cxb4 Qf2 40. Qc2 Qe3+ 41. Ka2 Qa7+ 42. Ba4 Qd4 43. b5 Qxg4 44.
Qc5 Qxa4+ 0-1